 Dungeon Crawl Stone Soup version 0.19.0-20-gbc5f0c6 (webtiles) character file.

67660 dobroeutro the Severer (level 14, -3/143 HPs)
             Began as a Minotaur Berserker on Nov 17, 2016.
             Was the Champion of Trog.
             Slain by an 11-headed hydra (4 damage)
             ... on level 4 of the Lair of Beasts.
             The game lasted 00:32:07 (18192 turns).

dobroeutro the Severer (Minotaur Berserker)        Turns: 18192, Time: 00:32:09

Health: -3/143     AC: 15    Str: 30    XL:     14   Next: 83%
Magic:  3/3        EV: 16    Int:  4    God:    Trog [******]
Gold:   1763       SH:  0    Dex: 14    Spells: 0 memorised, 13 levels left

rFire  . . .     SeeInvis .     W - +2 executioner's axe (antimagic)
rCold  + + .     Gourm    .     V - +2 chain mail {rC+}
rNeg   + . .     Faith    .     (shield currently unavailable)
rPois  +         Spirit   .     (helmet restricted)
rElec  .         Reflect  .     d - +1 cloak
rCorr  .         Harm     .     (no gloves)
MR     +....     Rnd*Rage +     p - +0 pair of boots
Stlth  .......... Rnd*Tele +    w - amulet of regeneration
                                g - +3 ring of strength
                                u - ring of positive energy

@: no status effects
A: retaliatory headbutt, horns 2, agile 1, berserk 1, cold resistance 1,
deformed body, low mp 2, poison resistance, robust 1, strong 1, teleportitis 1
a: Berserk, Trog's Hand, Brothers in Arms, Burn Spellbooks, Renounce Religion


You were on level 4 of the Lair of Beasts.
You worshipped Trog.
Trog was exalted by your worship.
You were not hungry.

You visited 3 branches of the dungeon, and saw 20 of its levels.
You visited 1 bazaar.
You also visited: Ossuary and Ice Cave.

You collected 1808 gold pieces.
You spent 45 gold pieces at shops.

Inventory:

Hand Weapons
 J - a +4 battleaxe of electrocution
 S - a +3 broad axe of draining
 W - a +2 antimagic executioner's axe (weapon)
Armour
 d - a +1 cloak (worn)
 i - a +0 cloak of poison resistance
 p - a +0 pair of boots (worn)
 q - a +2 buckler
 V - a +2 chain mail of cold resistance (worn)
Jewellery
 g - a +3 ring of strength (right hand)
 u - a ring of positive energy (left hand)
 w - an amulet of regeneration (around neck)
 F - an uncursed ring of ice
 K - an uncursed ring of resist corrosion
 R - an uncursed ring of protection from fire
 Y - an uncursed ring of ice
Wands
 a - a wand of flame (22/48)
 l - a wand of confusion (21/48)
 n - a wand of digging (21/24)
 v - a wand of flame (31/48)
 B - a wand of random effects (31/48)
 H - a wand of digging (6/24)
 I - a wand of polymorph (11/24)
 M - a wand of iceblast (3/15)
 P - a wand of flame (20/48)
 T - a wand of iceblast (9/15)
 X - a wand of flame (31/48)
Scrolls
 h - 10 scrolls of teleportation
 t - 2 scrolls of remove curse
 y - a scroll of enchant armour
 A - 4 scrolls of enchant weapon
 C - 3 scrolls of magic mapping
 G - 10 scrolls of identify
 L - 2 scrolls of recharging
 U - a scroll of fog
Potions
 b - 3 potions of flight
 e - 2 potions of berserk rage
 j - 4 potions of agility
 m - 5 potions of haste
 o - 2 potions of resistance
 s - 6 potions of curing
 x - 3 potions of brilliance
 z - a potion of cancellation
 E - a potion of cure mutation
 N - a potion of invisibility {unknown}
 O - 3 potions of lignification
 Q - 2 potions of ambrosia
Miscellaneous
 r - a phial of floods (inert)
Comestibles
 c - 16 bread rations
 f - 6 meat rations
 k - 48 fruits


   Skills:
 + Level 13.9 Fighting
 * Level 20.0 Axes
 + Level 13.2 Armour
 + Level 12.2 Dodging


You had 13 spell levels left.
You didn't know any spells.

Dungeon Overview and Level Annotations

Branches:
Dungeon (15/15)            Temple (0/1) D:7            Lair (4/6) D:8
 Shoals (0/4) Lair:3        Snake (0/4) Lair:4          Orc (1/2) D:12
 Vaults (0/5) D:14         Depths (0/5) D:15

Altars:
Ashenzari
Cheibriados
Fedhas
Hepliaklqana
Nemelex Xobeh
Okawaru
Qazlal
Vehumet
Yredelemnul
Beogh

Shops:
D:4 =?:([   D:7 =   D:8 :   D:9 *   D:11 [}


Innate Abilities, Weirdness & Mutations

You reflexively headbutt those who attack you in melee.
You have a pair of horns on your head.
You are agile. (Dex +2)
You tend to lose your temper in combat.
Your flesh is cold resistant. (rC+)
Armour fits poorly on your strangely shaped body.
Your magical capacity is very low. (-20% MP)
Your system is resistant to poisons. (rPois)
You are robust. (+10% HP)
Your muscles are strong. (Str +2)
You are occasionally teleported next to monsters.


Message History

Your chain mail prevents you from hitting the 11-headed hydra.
The 11-headed hydra bites you but does no damage. x2
The 11-headed hydra barely misses you. The 11-headed hydra misses you.
The 11-headed hydra bites you!
* * * LOW HITPOINT WARNING * * *
The 11-headed hydra misses you.
The 11-headed hydra bites you but does no damage.
The 11-headed hydra bites you.
* * * LOW HITPOINT WARNING * * *
The 11-headed hydra barely misses you. The 11-headed hydra bites you!
* * * LOW HITPOINT WARNING * * *
The 11-headed hydra bites you but does no damage.
The 11-headed hydra bites you but does no damage.
The 11-headed hydra bites you.
* * * LOW HITPOINT WARNING * * *
The 11-headed hydra bites you but does no damage.
The 11-headed hydra bites you!
* * * LOW HITPOINT WARNING * * *
The 11-headed hydra bites you.
You die...

.......# #....# #........##
.......# ##...#####....#..P#
......## ###.........)...#.##
......# #P...............##
.....## ##......≈≈≈...#....###
.P.### #......≈≈≈≈..........#
..## #.......≈≈..♣.......♣## ...#
#......D≈≈..♣.♣...♣..P# ...###
#......@.......P.P....## .(...###
##..............>.......
......P## ##............P.P......
........# #...............♣.♣.>.
........## ####.....#♣.......♣...
.........# ##...#...♣....♣....
.........### ###..P...#####....
...........#######..P..## ###....
.........###.##P###....####....†.


You could see a 11-headed hydra.

Vanquished Creatures
  An orc warlord (Orc:1)
  2 minotaurs (D:12)
  Erolcha (D:13)
  2 hydras (D:14)
  The ghost of Oozefury the Cleaver, a journeyman FoFi of Qazlal (D:9)
  2 catoblepae
  A vault guard (D:14)
  3 centaur warriors
  An ogre mage (Orc:1)
  The ghost of Nordron the Carver, a journeyman TeAK of Lugonu (D:11)
  2 tengu warriors (D:14)
  4 death yaks (D:12)
  The ghost of tv1990 the Destroyer, a novice FoCj of Vehumet (D:8)
  The ghost of BadBadger the Covert, a journeyman SpVM of Dithmenos (Lair:1)
  3 skeletal warriors (D:13)
  A glowing orange brain (D:14)
  4 unseen horrors
  3 hill giants
  A cyclops (D:14)
  2 orc knights
  2 manticores
  2 orc sorcerers (Orc:1)
  2 oklob plants (D:11)
  4 ugly things
  7 slime creatures
  4 centaur zombies
  2 black mambas
  Joseph (D:7)
  The ghost of Philosophy the Skirmisher, a novice HOFi (D:4)
  6 spiny frogs
  2 gargoyles
  4 komodo dragons
  9 yaktaurs (D:12)
  A polar bear (Lair:4)
  A meliai (D:14)
  4 trolls
  5 two-headed ogres
  A meliai zombie (D:14)
  10 dream sheep
  8 blink frogs
  13 hippogriffs
  A water elemental (D:12)
  A vampire (D:13)
  A spriggan (Lair:4)
  3 shadows
  Sigmund (D:3)
  2 wraiths
  A human (shapeshifter) (D:14)
  47 yaks
  2 basilisks (Lair:3)
  A steam dragon (D:14)
  A wyvern (D:14)
  A vampire mosquito (D:14)
  Menkaure (D:7)
  8 hungry ghosts
  3 wargs
  Edmund (D:6)
  A mottled dragon (D:11)
  5 water moccasins
  2 soldier ants
  5 porcupines
  15 orc warriors
  3 phantoms
  2 necrophages
  5 sky beasts
  A hornet zombie (D:14)
  3 black bears
  7 ice beasts
  9 ogres
  10 centaurs
  6 wolves (Lair:4)
  6 crocodiles
  6 big kobolds
  Blork the orc (D:4)
  14 bullfrogs
  A gnoll sergeant (Orc:1)
  4 scorpions
  A wyvern skeleton (D:10)
  13 killer bees
  7 wights
  An electric eel (D:12)
  5 howler monkeys
  A bullfrog zombie (D:13)
  6 crimson imps
  6 hounds
  21 orc wizards
  9 orc priests
  5 centaur skeletons
  7 jellies
  A bullfrog skeleton (D:5)
  5 iguanas
  11 worker ants
  A hound zombie (D:9)
  2 hound skeletons
  9 mummies
  A worker ant zombie (D:5)
  13 adders
  19 gnolls
  2 howler monkey skeletons
  7 shadow imps
  12 white imps (D:15)
  3 oozes
  An adder skeleton (D:9)
  An adder zombie (D:8)
  3 worms
  4 dart slugs
  6 leopard geckos
  89 orcs
  10 bats
  6 giant cockroaches
  8 goblins
  10 hobgoblins
  13 jackals
  2 quokkas
  2 ball pythons
  2 frilled lizards
  2 gnoll zombies (Ossuary)
  A hobgoblin zombie (Ossuary)
  A jackal skeleton (D:6)
  35 kobolds
  2 kobold zombies (Ossuary)
  3 orc zombies (Ossuary)
  8 rats
  2 fulminant prisms (D:8)
  3 fungi
  2 plants
691 creatures vanquished.

Vanquished Creatures (others)
  2 fulminant prisms (D:8)
  2 plants (Lair:4)
4 creatures vanquished.

Grand Total: 695 creatures vanquished

Notes
Turn   | Place    | Note
-------+----------+-------------------------------------------
     0 | D:1      | dobroeutro the Minotaur Berserker began the quest for the Orb.
     0 | D:1      | Reached XP level 1. HP: 19/19 MP: 0/0
   100 | D:1      | Reached skill level 4 in Axes
   120 | D:1      | Reached XP level 2. HP: 26/26 MP: 1/1
   249 | D:1      | Reached skill level 5 in Axes
   252 | D:1      | Reached XP level 3. HP: 23/31 MP: 2/2
   432 | D:1      | Reached ** piety under Trog
   641 | D:2      | Reached skill level 6 in Axes
   641 | D:2      | Reached XP level 4. HP: 32/39 MP: 3/3
   775 | D:2      | You fall through a shaft for 2 floors!
   829 | D:3      | Noticed Sigmund
   834 | D:3      | Killed Sigmund
   834 | D:3      | Reached skill level 8 in Axes
   834 | D:3      | Reached XP level 5. HP: 45/45 MP: 4/4
  1134 | D:3      | Reached XP level 6. HP: 51/51 MP: 5/5
  1437 | D:3      | Found an iron altar of Okawaru.
  1440 | D:3      | Found a basalt altar of Yredelemnul.
  1443 | D:3      | Found a radiant altar of Vehumet.
  2003 | D:3      | Reached *** piety under Trog
  2003 | D:3      | Reached skill level 9 in Axes
  2838 | D:4      | Found Efapp's Magic Scroll Boutique.
  2859 | D:4      | Found Luatiq's Jewellery Boutique.
  2905 | D:4      | Noticed Philosophy's ghost (novice HOFi)
  2916 | D:4      | Killed Philosophy's ghost
  2916 | D:4      | Reached skill level 10 in Axes
  2916 | D:4      | Reached XP level 7. HP: 49/57 MP: 6/6
  2991 | D:4      | Reached skill level 11 in Axes
  3273 | D:4      | Found Nar Mys's Book Emporium.
  3282 | D:4      | Got a faintly humming ring mail
  3293 | D:4      | Identified the +2 ring mail of Yxemaad {rN+ Str+4} (You found it on level 4 of the Dungeon)
  3355 | D:4      | Found Foskosor's Antique Weapon Shoppe.
  3380 | D:4      | Found Jeyxul's Antique Armour Shoppe.
  3513 | D:4      | Reached **** piety under Trog
  3513 | D:4      | Reached XP level 8. HP: 45/64 MP: 7/7
  3530 | D:4      | Gained mutation: Your flesh is cold resistant. (rC+) [mutagenic meat]
  3531 | D:4      | Gained mutation: You are occasionally teleported next to monsters. [mutagenic meat]
  3532 | D:4      | Gained mutation: Your spells are a little harder to cast, but a little more powerful. [mutagenic meat]
  3533 | D:4      | Lost mutation: Your spells are a little harder to cast, but a little more powerful. [mutagenic meat]
  3601 | D:4      | Noticed Blork the orc
  3614 | D:4      | Killed Blork the orc
  3614 | D:4      | Reached skill level 12 in Axes
  3646 | D:4      | Found a hazy altar of Hepliaklqana.
  3848 | D:5      | Entered Level 5 of the Dungeon
  3946 | D:5      | Found a sand-covered staircase.
  3981 | Ossuary  | Entered an ossuary
  4341 | D:5      | Reached skill level 13 in Axes
  5038 | D:6      | Found a sparkling altar of Nemelex Xobeh.
  5192 | D:6      | Noticed Edmund
  5199 | D:6      | Killed Edmund
  5199 | D:6      | Reached XP level 9. HP: 63/72 MP: 8/8
  5346 | D:6      | Reached ***** piety under Trog
  5496 | D:7      | Reached skill level 5 in Fighting
  5501 | D:7      | Gained mutation: Your spells are a little easier to cast, but a little less powerful. [mutagenic meat]
  5502 | D:7      | Gained mutation: Armour fits poorly on your strangely shaped body. [mutagenic meat]
  5503 | D:7      | Gained mutation: Your magical capacity is low. (-10% MP) [mutagenic meat]
  5510 | D:7      | Found a sparkling altar of Nemelex Xobeh.
  5568 | D:7      | Noticed Menkaure
  5574 | D:7      | Killed Menkaure
  5650 | D:7      | Found Jucie's Jewellery Boutique.
  5704 | D:7      | Noticed Joseph
  5712 | D:7      | Found a shattered altar of Ashenzari.
  5720 | D:7      | Killed Joseph
  5720 | D:7      | Reached skill level 5 in Armour
  5986 | D:7      | Found a staircase to the Ecumenical Temple.
  6067 | D:8      | Reached skill level 5 in Dodging
  6094 | D:8      | Found Uretakh's Book Shop.
  6101 | D:8      | Noticed tv1990's ghost (novice FoCj)
  6111 | D:8      | Killed tv1990's ghost
  6234 | D:8      | Found a staircase to the Lair.
  6258 | D:8      | Found a stormy altar of Qazlal.
  6337 | D:8      | Found a snail-covered altar of Cheibriados.
  6420 | D:8      | Reached XP level 10. HP: 72/84 MP: 8/8
  6650 | D:9      | Reached skill level 14 in Axes
  6664 | D:9      | Noticed Oozefury's ghost (journeyman FoFi)
  6672 | D:9      | Killed Oozefury's ghost
  6680 | D:9      | Gained mutation: You are robust. (+10% HP) [potion of mutation]
  6680 | D:9      | Gained mutation: You tend to lose your temper in combat. [potion of mutation]
  6681 | D:9      | Lost mutation: Your magical capacity is low. (-10% MP) [potion of mutation]
  6681 | D:9      | Gained mutation: Your muscles are strong. (Str +2) [potion of mutation]
  6682 | D:9      | Gained mutation: Your magical capacity is low. (-10% MP) [potion of mutation]
  6771 | D:9      | Received a gift from Trog
  6974 | D:9      | Found Dal Gukh's General Store.
  7204 | D:10     | Entered Level 10 of the Dungeon
  7215 | D:10     | Gained mutation: Your mind is acute. (Int +2) [mutagenic meat]
  7216 | D:10     | Gained mutation: Your magical capacity is very low. (-20% MP) [mutagenic meat]
  7217 | D:10     | Gained mutation: Your system is resistant to poisons. (rPois) [mutagenic meat]
  7267 | D:10     | Noticed a hill giant
  7278 | D:10     | Killed a hill giant
  7689 | D:10     | Noticed a hill giant
  7694 | D:10     | Killed a hill giant
  7942 | D:11     | Reached XP level 11. HP: 86/104 MP: 2/7
  7954 | D:11     | Reached skill level 15 in Axes
  8074 | D:11     | Noticed Nordron's ghost (journeyman TeAK)
  8093 | D:11     | Killed Nordron's ghost
  8275 | D:11     | Found Xiwniddau's Gadget Boutique.
  8325 | D:11     | Noticed a purple ugly thing
  8337 | D:11     | Killed a purple ugly thing
  8601 | D:11     | Killed an unseen horror
  8634 | D:11     | Found Piuddan's Antique Armour Shop.
  8685 | D:11     | Found a blossoming altar of Fedhas.
  8687 | D:11     | Noticed an oklob plant
  8687 | D:11     | Noticed an oklob plant
  8690 | D:11     | Killed an oklob plant
  8697 | D:11     | Killed an oklob plant
  8783 | D:12     | Reached ****** piety under Trog
  8890 | D:12     | Received a gift from Trog
  8890 | D:12     | Reached skill level 16 in Axes
  9034 | D:12     | Killed an unseen horror
  9073 | D:12     | Reached skill level 10 in Fighting
  9142 | D:12     | Reached XP level 12. HP: 97/116 MP: 8/8
  9239 | D:12     | Found a staircase to the Orcish Mines.
  9457 | D:12     | Found a roughly hewn altar of Beogh.
  9564 | D:12     | Identified a scroll of acquirement
  9652 | D:12     | Reached skill level 10 in Armour
  9681 | D:12     | Noticed a death yak
  9682 | D:12     | Noticed a death yak
  9735 | D:12     | Killed a death yak
  9741 | D:12     | Killed a death yak
  9854 | D:12     | Noticed a death yak
  9854 | D:12     | Noticed a minotaur
  9854 | D:12     | Noticed a death yak
  9862 | D:12     | Killed a minotaur
  9862 | D:12     | Received a gift from Trog
  9862 | D:12     | Reached skill level 17 in Axes
  9865 | D:12     | Killed a death yak
  9868 | D:12     | Killed a death yak
  9901 | D:12     | Noticed a minotaur
  9910 | D:12     | Killed a minotaur
  9920 | D:12     | Reached skill level 10 in Dodging
 10074 | D:13     | Noticed a centaur warrior
 10091 | D:13     | Killed a centaur warrior
 10272 | D:13     | Noticed Erolcha
 10288 | D:13     | Killed Erolcha
 10318 | D:13     | Noticed a centaur warrior
 10330 | D:13     | Killed a centaur warrior
 10330 | D:13     | Reached XP level 13. HP: 103/127 MP: 9/9
 10904 | D:13     | Reached skill level 18 in Axes
 11729 | D:14     | Received a gift from Trog
 12755 | D:14     | Lost mutation: Your mind is acute. (Int +2) [mutagenic meat]
 12756 | D:14     | Lost mutation: Your spells are a little easier to cast, but a little less powerful. [mutagenic meat]
 12757 | D:14     | Gained mutation: You are agile. (Dex +2) [mutagenic meat]
 12758 | D:14     | Found a gate to the Vaults.
 12824 | D:15     | Entered Level 15 of the Dungeon
 12831 | D:15     | Found a flickering gateway to a bazaar.
 12836 | Bazaar   | Entered a bazaar
 12850 | Bazaar   | Found Cula Cobu's General Store.
 12850 | Bazaar   | Found Yjenewk's Antique Weapon Emporium.
 12871 | Bazaar   | Found Eblerij's Gadget Emporium.
 12886 | Bazaar   | Found Dies Jaduash's Armour Shoppe.
 12886 | Bazaar   | Found Qasoxzed's Book Emporium.
 13027 | D:15     | Found a frozen archway.
 13052 | IceCv    | Entered an ice cave
 13189 | IceCv    | Noticed Frank's ghost (journeyman GrGl)
 13189 | IceCv    | Noticed Chiseanne's ghost (adept GrFi)
 13501 | D:15     | Reached skill level 19 in Axes
 13641 | D:15     | Reached XP level 14. HP: 120/139 MP: 10/10
 13790 | Orc:1    | Entered Level 1 of the Orcish Mines
 13884 | Orc:1    | Received a gift from Trog
 14120 | Orc:1    | Noticed an orc warlord
 14165 | Orc:1    | Killed an orc warlord
 14816 | D:9      | Bought a scroll of remove curse for 45 gold pieces
 14893 | Lair:1   | Entered Level 1 of the Lair of Beasts
 14947 | Lair:1   | Received a gift from Trog
 14978 | Lair:1   | Noticed BadBadger's ghost (journeyman SpVM)
 15028 | Lair:1   | Killed BadBadger's ghost
 15629 | Lair:2   | Found a snail-covered altar of Cheibriados.
 16523 | Lair:3   | Found a staircase to the Shoals.
 17509 | Lair:4   | Received a gift from Trog
 17603 | Lair:4   | Reached skill level 20 in Axes
 17795 | Lair:4   | Found a staircase to the Snake Pit.
 18192 | Lair:4   | HP: 1/143 [11-headed hydra (11)]
 18192 | Lair:4   | Slain by an 11-headed hydra

Skill      XL: |  1  2  3  4  5  6  7  8  9 10 11 12 13 14 |
---------------+-------------------------------------------+-----
Axes           | 4 5 6 8 10 11 13 14 16 17 19 20 | 20.0
Fighting       | 4 6 8 10 11 12 13 | 13.9
Armour         | 3 6 8 9 11 12 13 | 13.2
Dodging        | 3 5 7 8 10 11 12 | 12.2

Action                   |  1- 3 |  4- 6 |  7- 9 | 10-12 | 13-15 || total
-------------------------+-------+-------+-------+-------+-------++-------
Melee: Hand axe          |    69 |   143 |   223 |       |       ||   435
       Headbutt          |    12 |    26 |    77 |    98 |   157 ||   370
       Battleaxe         |       |       |   140 |   248 |   223 ||   611
       Broad axe         |       |       |       |   165 |   409 ||   574
       Executioner's axe |       |       |       |       |    36 ||    36
Invok: Berserk           |       |     2 |     2 |     5 |     6 ||    15
       Burn Spellbooks   |       |       |       |       |     1 ||     1
Evoke: Wand              |       |       |       |       |     2 ||     2
       Phial of floods   |       |       |       |       |     1 ||     1
  Use: Potion            |       |       |     7 |     3 |     1 ||    11
       Scroll            |       |       |    18 |     7 |     6 ||    31
  Eat: Chunk             |       |     7 |    20 |    13 |    19 ||    59
       Beef jerky        |       |       |     1 |       |       ||     1
       Pizza             |       |       |       |     3 |       ||     3
       Meat ration       |       |       |       |     4 |     3 ||     7
Armor: Animal skin       |    30 |    29 |     3 |       |       ||    62
       Ring mail         |       |       |    88 |   154 |   115 ||   357
       Chain mail        |       |       |       |       |    82 ||    82
Dodge: Dodged            |    68 |    61 |   142 |   282 |   330 ||   883
Block: Buckler           |       |       |    32 |    35 |    77 ||   144
